Cogmind - Beta 16 @@@ ROGUE MODE // 2025.11.08 @ 15:16:41 Player: deadnoob Result: Destroyed by 60-W6O(R) with Subdweller Laser Performance ------------- Evolutions (0) 0 Regions Visited (2) 400 Robots Destroyed (6) 30 Value Destroyed (207) 207 Prototype IDs (0) 0 Alien Tech Used (0) 0 Bonus (0) 0 TOTAL SCORE: 637 Bonus ------- None Cogmind --------- Core Integrity 0/250 Matter 289/300 Energy 79/100 System Corruption 0% Temperature Cool (6) Movement Rolling (110) Location -10/Subcaves Parts ------- > --- POWER (1) -------- (None) > --- PROPULSION (2) --- Subdweller Monowheel > --- UTILITY (2) ------ Small Storage Unit > --- WEAPON (2) ------- Subdweller Laser > --- INVENTORY (8) ---- Subdweller Power Source Subdweller Power Source Light Treads Subdweller Monowheel Subdweller Optics Scrap Shield Peak State ------------ > --- POWER ------------ Ion Engine > --- PROPULSION ------- Aluminum Leg Aluminum Leg > --- UTILITY ---------- Small Storage Unit Seismic Detector > --- WEAPON ----------- Medium Laser Light Assault Rifle > --- INVENTORY -------- Ion Engine Light Treads Light Treads Wheel Wheel Scrap Shield Assault Rifle [Rating: 8] Favorites ----------- Power Ion Engine Engine Ion Engine Propulsion Aluminum Leg Treads Light Treads Leg Aluminum Leg Wheel Subdweller Monowheel Utility Small Storage Unit Device Seismic Detector Storage Small Storage Unit Weapon Light Assault Rifle Energy Gun Medium Laser Energy Cannon Beam Cannon Ballistic Gun Light Assault Rifle Build | -11 -10 -10 ------- Run | Yrd Mat Sub Slots Evolved . | . . . Power . | . . . Propulsion . | . . . Utility . | . . . Weapon . | . . . Parts Attached 9 | 1 . 8 Power . | . . . Engine . | . . . Core . | . . . Reactor . | . . . Propulsion 4 | . . 4 Treads 2 | . . 2 Leg 1 | . . 1 Wheel 1 | . . 1 Hover . | . . . Flight . | . . . Utility 1 | 1 . . Device 1 | 1 . . Storage . | . . . Processor . | . . . Hackware . | . . . Protection . | . . . Artifact . | . . . Weapon 4 | . . 4 Energy Gun 1 | . . 1 Energy Cannon 1 | . . 1 Ballistic Gun 2 | . . 2 Ballistic Cannon . | . . . Launcher . | . . . Special Weapon . | . . . Impact Weapon . | . . . Slashing Weapon . | . . . Piercing Weapon . | . . . Special Melee Weapon . | . . . Unidentified Prototypes . | . . . Parts Lost 7 | . . 7 Power 1 | . . 1 Propulsion 2 | . . 2 Utility 1 | . . 1 Weapon 3 | . . 3 Highest Loss Streak 4 | . . 4 To Critical Strikes . | . . . Average Backups 6 | 6 6 6 Power 1 | 1 1 1 Propulsion 2 | 4 4 2 Utility 1 | . . 1 Weapon . | 1 1 . Tool/Special . | . . . Unused Backups 17 | 6 . 11 Power 5 | 1 . 4 Propulsion 5 | 2 . 3 Utility 3 | 1 . 2 Weapon 4 | 2 . 2 Tool/Special . | . . . Average Slot Usage (%) 88 | . 100 86 Engine 14 | . 14 14 Treads 12 | . . 15 Leg 13 | . 28 9 Wheel 1 | . . 1 Device 6 | . 14 4 Storage 14 | . 14 14 Energy Gun 7 | . 14 5 Energy Cannon 6 | . . 7 Ballistic Gun 12 | . 14 12 Peak Build Rating 8 | 7 7 8 Average Rating 7 | 6 7 7 On Entrance 6 | 6 7 7 Avg Prop Armor Cover (%) 8 | . . 8 Naked Turns . | . . . Heaviest Build 17 | 14 14 17 Greatest Support 40 | 20 20 40 Greatest Overweight (x) . | . . . Average Overweight (x) . | . . . Largest Inventory Capacity 8 | 8 8 8 Average Capacity 8 | 8 8 8 Most Carried 8 | 7 6 8 Average Carried 7 | 6 6 7 Final Capacity 8 | 8 8 8 Final Carried 7 | 6 6 7 Class Distribution -------------------- 100% | Mutant Dominant Class ---------------- Mutant | -10/Materials Mutant | -10/Subcaves Resources | -11 -10 -10 ----------- Run | Yrd Mat Sub Matter Collected 322 | 204 . 118 Remotely . | . . . Salvage Created 211 | 27 . 184 Parts 12 | 4 . 8 Haulers Intercepted . | . . . Recyclers Shooed . | . . . Parts Field Recycled . | . . . Retrieved Matter . | . . . Parts Self-Destructed 4 | . . 4 Prevented . | . . . Parts Restored . | . . . Kills | -11 -10 -10 ------- Run | Yrd Mat Sub Combat Hostiles Destroyed 5 | . . 5 Guns 4 | . . 4 Cannons 1 | . . 1 Classes Destroyed 2 | 1 . 1 Tunneler 1 | 1 . . Subdweller 5 | . . 5 Best Kill Streak 2 | 1 . 2 Combat Bots Only 2 | . . 2 Max Kills in Single Turn 1 | 1 . 1 Gunslinging . | . . . Exploded . | . . . Melee . | . . . Uniques/NPCs Destroyed . | . . . Combat | -11 -10 -10 -------- Run | Yrd Mat Sub Hostile Shots Fired 69 | . 1 68 Missed 13 | . . 13 Hits 56 | . 1 55 Projectile 56 | . 1 55 Critical Strikes 1 | . . 1 Damage Taken 1177 | . 12 1165 Core 252 | . . 252 Absorbed by Shields . | . . . Core Remaining (%) 100 | 100 . . Volleys Fired 55 | 4 . 51 Largest 2 | 2 . 2 Hottest 90 | 70 . 90 Shots Fired 88 | 8 . 80 Gun 71 | 8 . 63 Cannon 17 | . . 17 Launcher . | . . . Special . | . . . Kinetic 50 | 4 . 46 Thermal 38 | 4 . 34 Explosive . | . . . Electromagnetic . | . . . Robot Hit Streak 14 | 2 . 14 Robot Miss Streak 2 | 2 . 1 Penetration Max . | . . . Secondary Targets . | . . . Shots Hit Robots 55 | 4 . 51 Core Hits 11 | 1 . 10 Critical Kills . | . . . Critical Parts Destroyed . | . . . Critical Strikes . | . . . Melee Attacks . | . . . Impact . | . . . Slashing . | . . . Piercing . | . . . Sneak Attacks . | . . . Combat Hostiles . | . . . Follow-up Attacks . | . . . Damage Inflicted 828 | 44 . 784 Guns 559 | 38 . 521 Cannons 263 | . . 263 Explosions . | . . . Melee . | . . . Ramming 6 | 6 . . Kinetic 409 | 13 . 396 Thermal 413 | 25 . 388 Explosive . | . . . Electromagnetic . | . . . Impact . | . . . Slashing . | . . . Piercing . | . . . Highest Corruption . | . . . Average Corruption . | . . . Corruption Purged . | . . . Corruption Blocked . | . . . Overload Shots . | . . . Overflow Damage . | . . . Projectiles . | . . . Explosions . | . . . Melee . | . . . Knockbacks 1 | 1 . . Impact 1 | 1 . . Kinetic . | . . . Secondary . | . . . Self-Inflicted Damage . | . . . Shots . | . . . Rammed . | . . . Targets Rammed 1 | 1 . . Kicked 1 | 1 . . Crushed . | . . . Highest Temperature 50 | 50 . 6 Average Temperature 21 | 24 . 3 Received Heat Transfer 108 | . 6 102 Siege Activations . | . . . Martial Activations . | . . . Shielding Activations . | . . . Robots Disrupted . | . . . Combat Hostiles . | . . . Robots Corrupted . | . . . Combat Hostiles . | . . . Parts Fried . | . . . Impact Corruptions . | . . . Robots Melted . | . . . Combat Hostiles . | . . . Parts Melted 1 | . . 1 Heat Transferred 999 | 74 . 925 Parts Sabotaged . | . . . Parts Stolen . | . . . Parts Stripped . | . . . Power Chain Reactions . | . . . Alert | -11 -10 -10 ------- Run | Yrd Mat Sub Maximum Alert Level . | . . . Low Security (%) 100 | 100 100 . Level 1 . | . . . Level 2 . | . . . Level 3 . | . . . Level 4 . | . . . Level 5 . | . . . High Security . | . . . Max Security . | . . . Peak Influence 5 | 5 . . Initial . | . . . Average . | 1 . . Influence Increases 5 | 5 . . Destroy 0b10 Robot/NC 5 | 5 . . Influence Decreases 5 | 5 . . Time Decay 5 | 5 . . Squads Dispatched . | . . . Investigation . | . . . Extermination . | . . . Reinforcement . | . . . Assault . | . . . Garrison . | . . . Intercept . | . . . Searches Triggered . | . . . Construction Impeded . | . . . Haulers Reinforced . | . . . Active Scanning Responses . | . . . Cargo Convoy Interrupts . | . . . Stealth | -11 -10 -10 --------- Run | Yrd Mat Sub Distress Signals . | . . . Communications Jammed . | . . . Distress Signals . | . . . Times Spotted 13 | . 3 10 Peak Tracking Total 4 | . 4 2 Tactical Retreats . | . . . Traps | -11 -10 -10 ------- Run | Yrd Mat Sub Traps Triggered . | . . . Indirectly . | . . . Trap Hack Attempts . | . . . Triggered . | . . . Disarmed . | . . . Reprogrammed . | . . . Reused . | . . . Traps Extracted . | . . . Installed . | . . . Triggered . | . . . Machines | -11 -10 -10 ---------- Run | Yrd Mat Sub Machines Disabled . | . . . Max in Single Turn . | . . . Machines Repaired . | . . . Machines Dismantled . | . . . Machines Sabotaged . | . . . Overloaded Fab Kills . | . . . Hacking | -11 -10 -10 --------- Run | Yrd Mat Sub Machines Accessed 1 | . 1 . Terminals 1 | . 1 . Fabricators . | . . . Repair Stations . | . . . Recycling Units . | . . . Scanalyzers . | . . . Garrison Access . | . . . Total Hacks 2 | . 2 . Successful 1 | . 1 . Failed 1 | . 1 . Catastrophic . | . . . Database Lockouts . | . . . Manual 2 | . 2 . Terminals 2 | . 2 . Fabricators . | . . . Repair Stations . | . . . Recycling Units . | . . . Scanalyzers . | . . . Garrison Access . | . . . Terminal Hacks . | . . . Fabricator Hacks . | . . . Repair Station Hacks . | . . . Recycling Unit Hacks . | . . . Scanalyzer . | . . . Garrison Access Hacks . | . . . Unauthorized Hacks 1 | . 1 . Terminals 1 | . 1 . Skim 1 | . 1 . Fabricators . | . . . Repair Stations . | . . . Recycling Units . | . . . Scanalyzers . | . . . Garrison Access . | . . . Data Cores Recovered . | . . . Used . | . . . Hacking Detections 1 | . 1 . Full Trace Events . | . . . Feedback Events . | . . . Feedback Blocked . | . . . Robot Schematics Acquired . | . . . Robots Built . | . . . Authchips . | . . . Time . | . . . Total Robot Build Rating . | . . . Part Schematics Acquired . | . . . Parts Built . | . . . Authchips . | . . . Time . | . . . Total Part Build Rating . | . . . Part Studies Acquired . | . . . Parts Repaired . | . . . Time . | . . . Parts Recycled . | . . . Recycled Matter . | . . . Retrieved Matter . | . . . Retrieved Components . | . . . Parts Scanalyzed . | . . . Part Schematics Acquired . | . . . Parts Damaged . | . . . Bothacking | -11 -10 -10 ------------ Run | Yrd Mat Sub Used RIF Installer . | . . . Robots Hacked . | . . . Non-combat . | . . . Combat . | . . . Robot Hacks Applied . | . . . Relay Couplers Released . | . . . Fabnet Peak Effective % . | . . . Robots Rewired . | . . . Allies Hacked . | . . . Hacks Repelled . | . . . Allies | -11 -10 -10 -------- Run | Yrd Mat Sub Total Allies . | . . . Largest Group . | . . . Highest-Rated Group . | . . . Highest-Rated Ally . | . . . Total Orders . | . . . Ally Attacks . | . . . Total Damage . | . . . Kills . | . . . Allies Corrupted . | . . . Allies Melted . | . . . Intel | -11 -10 -10 ------- Run | Yrd Mat Sub Active Infowar (turns) 296 | 14 109 173 Seismic 296 | 14 109 173 Robot Analysis Total . | . . . Derelict Logs Recovered . | . . . Drone Launches . | . . . Drone Recoveries . | . . . Exploration | -11 -10 -10 ------------- Run | Yrd Mat Sub Turns Passed 674 | 51 109 514 Spaces Moved 334 | 30 85 219 Core . | . . . Treads 162 | . . 162 Legs 139 | 30 85 24 Wheels 33 | . . 33 Hover . | . . . Flight . | . . . Fastest Speed 110 | 120 120 110 Average Speed 138 | 120 120 148 Slowest Speed 160 | 120 120 160 Overloaded Moves . | . . . Propulsion Burnouts . | . . . Robots Hopped . | . . . Potential Cave-ins . | . . . Cave-ins Triggered . | . . . Exploration Rate (%) 10 | 3 15 13 Regions Visited 2 Branch Regions 1 Pre-discovered Areas . | . . . Known Exits Taken . | . . . Unknown Exits Taken 2 | 1 1 . Scrap Searched . | . . . Spaces Dug . | . . . Terrain Destroyed . | . . . Melee . | . . . Projectile . | . . . AOE . | . . . Terrain Rammed . | . . . Walls Destroyed . | . . . Machines Disabled . | . . . Actions | -11 -10 -10 --------- Run | Yrd Mat Sub Total 464 | 37 92 335 Wait 50 | 1 8 41 Move 333 | 30 84 219 Hop . | . . . Pick Up 9 | 1 . 8 Fast Attach 3 | . . 3 Attach 4 | 1 . 3 Detach . | . . . Swap 2 | . . 2 Drop 8 | . . 8 Fire 55 | 4 . 51 Melee . | . . . Ram . | . . . Kick . | . . . Crush . | . . . Escape Stasis . | . . . Rewire . | . . . Trap . | . . . Miscellaneous . | . . . Route ------- -11/Scrapyard -10/Materials -10/Subcaves History --------- Turn | Location | Event 10 | -11/Scrapyard | Discovered new exit (range 3) 52 | -11/Scrapyard | Entered Materials 53 | -10/Materials | Met a group of wandering Federalists 83 | -10/Materials | Discovered new exit (range 3) 161 | -10/Materials | Entered Subcaves 162 | -10/Subcaves | Continued accompanying wandering Federalists (6) 162 | -10/Subcaves | Approached by a straggling Scientist 318 | -10/Subcaves | Build established: Mutant 327 | -10/Subcaves | Lost 4 allies 342 | -10/Subcaves | Ambushed by Subdweller buried in earth 522 | -10/Subcaves | Core integrity fell below 50% 655 | -10/Subcaves | Lost 4 parts (1n3w) 670 | -10/Subcaves | Core integrity fell below 20% 675 | -10/Subcaves | Destroyed by 60-W6O(R) with Subdweller Laser Last Messages --------------- 00364_ Acquired Aluminum Leg. X3-JDK(c): "I think it's somewhere south of here" 00366_ Acquired 10 matter. X3-JDK(c): "We're getting close, I can feel it." 00475_ PM-63E(R) destroyed. 00501_ Acquired 32 matter. X3-JDK(c): "We're getting close, I can feel it." 00526_ 68-9RI(R) destroyed. 00529_ Acquired 14 matter. X3-JDK(c): "I think it's somewhere northeast of here" 00613_ Beam Cannon destroyed. 00619_ Lgt. Assault Rifle destroyed. X3-JDK(c): "I think it's somewhere north of here" 00621_ Sub. Machine Gun destroyed. 00624_ Aluminum Leg destroyed. 00627_ X3-JDK(c) destroyed. 00628_ Tech Extrapolator violently self-destructs. 00651_ Acquired 7 matter. 00653_ Acquired Sub. Laser. 00671_ Ion Engine destroyed. Map ----- +----------------------------------------------------+ | ???????????????????#[=##?? #?????????????? | | ???????????????????#[%=### #?????????????? | | ??????????????????##=*%= #??????????????? | | ??????????????????# =[= ###??????????????? | | ??????????????????##### #????????????????? | | ???????????????????#### #????????????????? | | ?????????????##???## #????????????????? | | ??????????## # #### #????????????????? | | ????????# #????????????????? | | ?????????# # # ###????????????????? | | ???????????????## #??????????????????? | | ??????? ????????## ###????????????????? | | ?????? ??#????# #????????????????? | | ?????? # #?### #????????????????? | | ????????# # # ##????????????????? | | ????????# ##?????????????????? | | ????????# #####???????????????? | | ????????# ### #### ##??????????????? | | ????????# ## ??# ### #??????????????? | | ???????????# ??## ## ??????????????? | | ?????????? ""???# ### ???????????????? | | ?????????? #???# #?# ???????????????? | | ????????????# ##??# ##? ????????????????? | | ????????????# "#?## "#? ????????????????? | | ???????????## ??#" "###"#????????????????? | | ???????????# ??#" "##"@#????????????????? | | ????????????# #??#!&### ##???????????????? | | ????????????# ##### ###RR ##??????????????? | | ????????????# # " " ""#??????????????? | | ????????????# "%! #??????????????? | | ????????????# # " #??????????????? | | ???????????## " ##### #??????????????? | | ???????????# " ##???## #??????????????? | | ???????????## "#?????# ##??????????????? | | ???????????# #????? ###???????????????? | | ???????????## ##??? ##?????????????????? | | ????????????# #??## ###??????????????????? | | ???????????## ##???##?????????????????????? | | ??????###?# #??????????????????????????? | | # # ## #??????????????????????????? | | ##?######???????????????????? | | " ### # ##??????????????????? | | "" ## # # ##?????????????????? | | ????# #### * ##????????????????? | | ???????## ???# ###%! ##???????????????? | | ????????#????# ###?## ##??????????????? | | ?????????????## #????## #??????????????? | | ??????????????####?????## #??????????????? | | ???????????????????????##" #??????????????? | | ??????????????????????##"" ##?????????????? | +----------------------------------------------------+ Best States ------------- Heat Dissipation 25 Energy Generation 10 Energy Capacity 250 Matter Stores 300 Matter Capacity 300 Sight Range 16 Terrain Scan Density 10 Evasion (%) 55 Recoil Reduction 2 Item Schematics ----------------- None Robot Schematics ------------------ None Fabricated ------------ Nothing Repaired ---------- Nothing Studied --------- None Alien Tech Used ----------------- None Achievements -------------- Do Not Disturb Challenges ------------ None Game ------ Seed MiniColdDrillbomb Manual? 0 Play Time 00:05:13 Cumulative 390.8 hours Start 2025.11.08 @ 15:11:59 End 2025.11.08 @ 15:16:41 Sessions 1 Manual Loads 0 Difficulty Rogue Special Mode None Game No. 434 Rogue 434 Adventurer 0 Explorer 0 Win Type - Total 12 Types 9/0/2/1/0/0/0/0/0/0 Lore% 80 Gallery% 80 Achievement% 52 Wizard Run 0 Options --------- Layout 0 ASCII 0 Keyboard 1 Movement Numpad Keybinds 0 Fullscreen 2 Font 18/X11 Map View 76x50 Zoom Use 0% Tactical HUD 1 Map Filters NONE Filters NONE Steam 1 RUN: 245f1bb1-b1fc-444d-8f14-e248dd2c65dc